Map: Temple gelé

Players

Elgendird

  • Race: Protoss Protoss
  • League: Silver

pupu - Winner!

  • Race: Protoss Protoss
  • League: Gold

VOD

Have the link to the VOD?

Description

Time

  • Played on: April 19, 2016, 12:07 p.m.
  • Length: 15:15
Show
View Real Time Build Order
Export as new Build Order

Elgendird Protoss 

Build Orders: 1 Gate Expand, Double Forge 

Get SALT Encoding   

  12  0:01  Probe (Chrono Boost)  
  13  0:16  Probe (Chrono Boost)  
  13  0:20  Pylon  
  14  0:27  Probe (Chrono Boost)  
  15  0:39  Probe (Chrono Boost)  
  15  0:41  Gateway  
  16  0:48  Assimilator  
  16  0:49  Probe (Chrono Boost)  
  17  1:00  Probe (Chrono Boost)  
  18  1:12  Probe (Chrono Boost)  
  19  1:24  Nexus  
  19  1:29  Assimilator  
  19  1:40  Cybernetics Core  
  19  1:51  Pylon  
  19  1:56  Probe (Chrono Boost)  
  20  2:07  Probe (Chrono Boost)  
  21  2:11  Gateway  
  21  2:20  Gateway  
  21  2:24  Warp Gate (Chrono Boost)  
  21  2:27  Probe (Chrono Boost)  
  22  2:37  Probe (Chrono Boost)  
  23  3:01  Adept  
  23  3:03  Probe (Chrono Boost)  
  26  3:10  Probe  
  27  3:13  Probe  
  27  3:17  Forge  
  28  3:22  Probe  
  28  3:23  Probe  
  28  3:25  Forge  
  30  3:32  Twilight Council  
  30  3:34  Probe x2  
  30  3:37  Adept  
  34  3:43  Adept  
  34  3:46  Probe, Adept  
  39  3:54  Probe  
  39  3:58  Probe  
  39  3:59  Protoss Ground Weapons Level 1  
  39  4:02  Protoss Ground Armor Level 1  
  41  4:05  Probe  
  42  4:10  Resonating Glaives (Chrono Boost)  
  42  4:16  Assimilator  
  42  4:19  Assimilator  
  42  4:27  Adept x2  
  46  4:36  Pylon  
  46  4:39  Pylon  
  46  4:52  Probe, Pylon  
  46  4:54  Mothership Core  
  46  4:55  Pylon  
  49  5:03  Probe  
  48  5:47  Adept x3  
  48  5:48  Probe  
  55  5:58  Probe  
  55  6:03  Protoss Ground Weapons Level 2  
  55  6:04  Protoss Ground Armor Level 2, Gateway  
  56  6:06  Gateway  
  56  6:08  Gateway  
  56  6:10  Gateway  
  56  6:14  Stargate  
  56  6:15  Probe  
  57  6:26  Probe  
  57  6:31  Nexus  
  58  6:32  Pylon  
  58  6:35  Pylon  
  58  6:36  Probe  
  58  6:37  Pylon  
  58  6:39  Assimilator  
  58  6:42  Assimilator  
  53  6:49  Stalker  
  53  6:50  Stalker  
  39  7:18  Stalker x2  
  39  7:19  Stalker x3  
  43  7:35  Probe  
  44  7:38  Stalker x2  
  48  7:47  Probe  
  45  7:59  Probe, Adept x5  
  45  8:01  Probe  
  57  8:11  Probe  
  54  8:59  Zealot x4  
  54  9:00  Zealot x3  
  54  9:25  Adept x5  
  62  9:35  Probe  
  63  9:40  Probe  
  64  9:46  Probe  
  62  9:56  Probe  
  62  10:12  Probe  
  62  10:15  Probe  
  62  10:23  Probe  
  62  10:25  Blink (Chrono Boost)  
  62  10:26  Probe  
  63  10:34  Probe  
  63  10:37  Probe  
  63  10:39  Stalker x2  
  68  10:44  Probe  
  69  10:50  Probe  
  69  10:53  Probe  
  69  10:55  Probe  
  72  11:00  Probe  
  73  11:04  Photon Cannon  
  73  11:05  Probe  
  73  11:10  Photon Cannon  
  74  11:17  Sentry  
  76  11:23  Probe  
  73  11:34  Probe  
  70  12:04  Stalker x2  
  70  12:05  Stalker  
  70  12:06  Stalker  
  78  12:25  Photon Cannon  
  78  12:28  Photon Cannon  
  78  12:29  Adept x2  
  82  12:30  Adept  
  84  12:37  Probe  
  84  12:42  Adept x2  
  89  12:47  Probe  
  90  12:58  Probe  
  90  13:01  Photon Cannon  
  90  13:05  Photon Cannon  
  80  13:16  Adept x2  
  73  14:08  Stalker  
  73  14:09  Stalker x3  
Show
View Real Time Build Order
Export as new Build Order

pupu Protoss - Winner!

Build Orders: 1 Gate Expand 

Get SALT Encoding   

  12  0:01  Probe (Chrono Boost)  
  13  0:11  Probe (Chrono Boost)  
  14  0:19  Pylon  
  14  0:22  Probe (Chrono Boost)  
  15  0:37  Probe (Chrono Boost)  
  15  0:39  Gateway  
  16  0:47  Probe (Chrono Boost)  
  16  0:48  Assimilator  
  17  1:00  Probe (Chrono Boost)  
  19  1:11  Probe (Chrono Boost)  
  19  1:31  Probe (Chrono Boost)  
  20  1:39  Cybernetics Core  
  20  1:44  Nexus  
  20  1:50  Probe (Chrono Boost)  
  20  1:51  Pylon  
  21  2:01  Probe (Chrono Boost)  
  22  2:06  Assimilator  
  22  2:11  Probe (Chrono Boost)  
  23  2:22  Probe (Chrono Boost)  
  24  2:23  Gateway  
  24  2:32  Probe (Chrono Boost), Warp Gate (Chrono Boost)  
  25  2:40  Robotics Facility  
  25  2:44  Probe  
  26  2:56  Probe  
  27  2:59  Probe, Gateway  
  27  3:00  Gateway  
  28  3:08  Probe  
  28  3:10  Sentry  
  31  3:16  Stalker  
  31  3:17  Probe  
  34  3:25  Pylon  
  34  3:28  Observer  
  35  3:41  Probe  
  35  3:42  Probe  
  35  3:45  Stalker  
  39  3:50  Warp Prism (Chrono Boost)  
  39  3:52  Probe  
  39  3:54  Probe  
  43  4:06  Forge  
  43  4:08  Pylon  
  43  4:09  Probe x2  
  44  4:12  Pylon  
  45  4:24  Probe, Pylon  
  45  4:25  Probe  
  45  4:29  Assimilator  
  47  4:34  Probe  
  47  4:36  Immortal (Chrono Boost)  
  47  4:37  Probe  
  53  4:38  Sentry  
  53  4:41  Sentry  
  53  4:45  Probe  
  57  4:49  Probe  
  57  4:51  Twilight Council  
  59  4:55  Probe  
  59  4:58  Assimilator  
  60  5:01  Probe  
  60  5:03  Pylon  
  60  5:06  Probe  
  61  5:13  Probe  
  63  5:25  Stalker x3  
  63  5:26  Stalker  
  64  5:42  Probe  
  62  5:43  Probe  
  62  5:48  Photon Cannon  
  64  5:52  Probe  
  64  5:55  Probe  
  66  5:58  Photon Cannon  
  66  6:00  Photon Cannon  
  66  6:03  Probe  
  66  6:06  Photon Cannon  
  66  6:07  Probe, Pylon  
  66  6:10  Pylon  
  68  6:14  Adept x4  
  68  6:16  Mothership Core  
  78  6:41  Adept  
  78  6:42  Adept x3  
  82  7:27  Adept x2  
  82  7:28  Adept x2  
  70  8:01  Pylon  
  70  8:13  Pylon  
  70  8:14  Zealot x4  
  72  8:33  Gateway  
  70  8:35  Gateway  
  70  8:37  Gateway, Adept x4  
  76  8:51  Probe  
  76  8:53  Probe  
  72  9:06  Nexus  
  72  9:09  Pylon  
  72  9:10  Pylon  
  72  9:13  Pylon  
  64  9:20  Adept x4  
  48  9:40  Adept  
  48  9:41  Adept x3  
  48  10:01  Adept x2  
  48  10:02  Adept x2  
  56  10:08  Probe  
  56  10:09  Probe  
  56  10:16  Resonating Glaives  
  50  10:21  Probe  
  50  10:22  Adept x4  
  51  10:46  Pylon  
  51  10:47  Adept x2  
  51  10:48  Adept x4  
  63  10:56  Probe x2  
  63  10:58  Probe  
  66  11:08  Immortal (Chrono Boost), Protoss Ground Weapons Level 1  
  66  11:10  Probe  
  71  11:16  Gateway  
  71  11:19  Gateway x2  
  71  11:20  Gateway  
  71  11:23  Gateway  
  71  11:39  Adept x4  
  67  11:40  Adept x3  
  63  12:04  Gateway  
  61  12:12  Adept x5  
  61  12:13  Probe x2, Adept x2  
  61  12:15  Probe  
  76  12:33  Assimilator  
  76  12:35  Pylon  
  76  12:41  Gateway  
  76  12:42  Probe  
  76  12:43  Probe x2  
  78  12:46  Adept x3, Gateway  
  78  12:47  Gateway, Adept x5  
  78  12:48  Adept  
  97  12:51  Gateway  
  97  13:02  Adept x2  
  97  13:03  Adept x2  
  102  13:35  Stalker x3  
  102  13:36  Stalker x4  
  102  13:37  Stalker  
  105  14:02  Pylon  
  102  14:03  Pylon, Adept x8  
  102  14:04  Adept x5, Pylon x2  
  102  14:06  Pylon  
  111  14:37  Adept  
  111  14:38  Adept x7  
  121  14:39  Adept  
  119  15:03  Stalker x3  
  119  15:05  Stalker  
Tags
 
Add a new tag
Caveats
  • Supply blocks, unpowered buildings, or Contaminate may cause inaccurate times.
  • Supply counts are checked every 10 seconds.